 Dungeon Crawl Stone Soup version 0.30-a0-1014-g3371b13838 (webtiles) character file.

Game seed: 4749166747356925259

591 Malachi the Skirmisher (level 7, -2/61 HPs)
             Began as a Gnoll Hunter on Apr 6, 2023.
             Was an Initiate of Cheibriados.
             Slain by a gnoll sergeant
             ... wielding a +0 spear
              (10 damage)
             ... on level 5 of the Dungeon.
             The game lasted 00:04:52 (3792 turns).

Malachi the Skirmisher (Gnoll Hunter)               Turns: 3792, Time: 00:04:52

Health: -2/61      AC:  4    Str: 15    XL:     7   Next: 39%
Magic:  11/11      EV: 15    Int: 12    God:    Cheibriados [......]
Gold:   150        SH:  0    Dex: 22    Spells: 11/11 levels left

rFire   + . .      SeeInvis +    a - +0 shortbow
rCold   . . .      Faith    .    (shield currently unavailable)
rNeg    . . .      Spirit   .    c - +0 leather armour
rPois   .          Reflect  .    l - +0 helmet
rElec   .          Rampage  .    (no cloak)
rCorr   .                        (no gloves)
Will    +....                    (no boots)
Stlth   +++                      (no amulet)
HPRegen 0.30/turn                p - ring of willpower
MPRegen 0.12/turn                q - ring of Sanorcha {Wiz rF+ Str+5 Int+3}

@: weakened, very slow
A: fangs 1, strong nose, distributed training, see invisible, agile 1, high MP
1, robust 1
a: Renounce Religion


You were on level 5 of the Dungeon.
You worshipped Cheibriados.
Cheibriados was noncommittal.
You visited 2 branches of the dungeon, and saw 6 of its levels.

You collected 190 gold pieces.
You spent 40 gold pieces at shops.

Inventory:

Hand Weapons
 a - a +0 shortbow (weapon)
Missiles
 r - 2 throwing nets
Armour
 c - a +0 leather armour (worn)
 l - a +0 helmet (worn)
Jewellery
 p - a ring of willpower (left hand)
 q - the ring of Sanorcha (right hand) {Wiz rF+ Str+5 Int+3}
   (You found it on level 5 of the Dungeon)

   [ring of wizardry]

   It improves your spell success rate.
   Str:       It affects your strength (+5).
   Int:       It affects your intelligence (+3).
   rF:        It protects you from fire.
Wands
 g - a wand of flame (19)
Scrolls
 b - a scroll of immolation
 d - 2 scrolls of enchant armour
 f - a scroll of enchant weapon
 h - a scroll of fear
 i - a scroll of vulnerability {unknown}
 m - a scroll of teleportation {unknown}
 n - a scroll of noise {unknown}
Potions
 e - a potion of ambrosia {unknown}
 j - 2 potions of mutation
 k - 2 potions of brilliance {unknown}
 o - 2 potions of haste {unknown}


   Skills:
 + Level 5.3 Fighting
 + Level 2.5 Short Blades
 + Level 2.5 Long Blades
 + Level 2.5 Axes
 + Level 2.5 Maces & Flails
 + Level 2.5 Polearms
 + Level 2.5 Staves
 + Level 8.9 Ranged Weapons
 + Level 2.5 Throwing
 + Level 2.5 Armour
 + Level 5.3 Dodging
 + Level 3.5 Stealth
 + Level 2.5 Shields
 + Level 2.5 Unarmed Combat
 + Level 2.5 Spellcasting
 + Level 2.1 Conjurations
 + Level 2.1 Hexes
 + Level 2.1 Summonings
 + Level 2.1 Necromancy
 + Level 2.1 Translocations
 + Level 2.1 Transmutations
 + Level 2.1 Fire Magic
 + Level 2.1 Ice Magic
 + Level 2.1 Air Magic
 + Level 2.1 Earth Magic
 + Level 2.1 Poison Magic
 + Level 2.8 Invocations
 + Level 2.5 Evocations


You had 11 spell levels left.
You didn't know any spells.
Your spell library contained the following spells:

 Spells                   Type           Power      Damage    Failure   Level
 Freeze                   Ice            24%        1d4       5%          1
 Sublimation of Blood     Necr           6%         N/A       9%          2
 Frozen Ramparts          Ice            12%        1d2       16%         3
 Hailstorm                Conj/Ice       6%         3d4       16%         3
 Inner Flame              Hex/Fire       6%         N/A       16%         3
 Passage of Golubria      Tloc           6%         N/A       45%         4
 Petrify                  Tmut/Erth      6%         N/A       45%         4
 Irradiate                Conj/Tmut      3%         3d12      78%         5
 Silence                  Hex/Air        3%         N/A       78%         5
 Yara's Violent Unravell  Hex/Tmut       3%         3d4       78%         5
 Enfeeble                 Hex            3%         N/A       100%        7
 Lehudib's Crystal Spear  Conj/Erth      3%         10d2      100%        8


Dungeon Overview and Level Annotations

Branches:
Dungeon (5/15)             Temple (1/1) D:4

Altars:
Ashenzari
Cheibriados
Dithmenos
Elyvilon
Hepliaklqana
Kikubaaqudgha
Makhleb
Okawaru
Qazlal
Sif Muna
Trog
Uskayaw
Vehumet
Wu Jian
Xom
Yredelemnul
Zin
The Shining One

Shops:
D:2 ?   D:3 ?   D:5 *


Innate Abilities, Weirdness & Mutations

You have very sharp teeth.
Your uncanny sense of smell can sniff out nearby items.
Your experience applies equally to all skills.
You have supernaturally acute eyesight. (SInv)
You are agile. (Dex +4, Str/Int -1)
You have an increased reservoir of magic. (+10% MP)
You are robust. (+10% HP)


Message History

The gnoll bouda barks out a call to the hunt!
The gnoll picks up the pace!
The jackal closely misses you.
The gnoll sergeant hits you from afar with a +0 spear.
The jackal attacks as you move away! The jackal completely misses you.
The gnoll is no longer moving quickly.
The jackal closely misses you. The jackal bites you.
The gnoll sergeant misses you.
The gnoll sergeant is no longer moving quickly.
The jackal bites you.
The gnoll bouda barks out a call to the hunt!
The gnolls pick up the pace!
The jackal closely misses you.
The gnoll sergeant hits you from afar with a +0 spear!
* * * LOW HITPOINT WARNING * * *
The jackal closely misses you. The gnoll hits you with a +0 flail.
* * * LOW HITPOINT WARNING * * *
The gnoll bouda gazes fiercely through you!
You feel as though you will be weak longer.
The gnoll sergeant barely misses you.
The jackal bites you but does no damage.
The gnoll bouda gazes fiercely through you!
You feel as though you will be weak longer.
The jackal bites you but does no damage.
The jackal bites you but does no damage.
Fire: a) +0 shortbow
Press: ? - help, Q - select action, (/) - cycle Shift-Dir - straight line, f - jackal
Aim: a jackal (63% to hit)
You shoot an arrow. The arrow hits the jackal!
You kill the jackal!
Cheibriados thoroughly appreciates the change of pace.
The gnoll is no longer moving quickly.
The gnoll sergeant hits you from afar with a +0 spear.
* * * LOW HITPOINT WARNING * * *
Fire: a) +0 shortbow
Press: ? - help, Q - select action, (/) - cycle Shift-Dir - straight line, f - gnoll
Aim: a gnoll, wielding a +0 whip (moderately wounded, 72% to hit)
You shoot an arrow. The arrow barely misses the gnoll.
The gnoll completely misses you.
The gnoll sergeant hits you from afar with a +0 spear!
You die...

..≈.###.....#####...#..#........#
.g≈.##......##.....###...........
..≈.##.....###.##..###..##.......
..≈.##..g....#.###..#..###.......
..≈.##...#......##.....##..#....#
g.≈.##..g#.....÷.................
..###.g.#...g.##.........##......
..(.....##.#g####.)._...####.....
...8....##....##@........##....##
.......####..ggg...............#
#.....## #.##..##.....##..##.##
####### #.##.###..#..###.##.#
#..#.##..###..##....#
##.......###.....####
##.......#..##### ######.....#
#######


You could see a gnoll sergeant (swift), a gnoll bouda and a gnoll.

Vanquished Creatures
  Sigmund (D:2)
  A phantom (D:5)
  4 hounds
  An orc priest (D:4)
  An iguana (D:4)
  Robin (D:3)
  9 adders
  3 gnolls (D:5)
  A dart slug (D:3)
  7 orcs
  A bat (D:2)
  6 endoplasms
  4 goblins
  7 hobgoblins
  2 jackals (D:5)
  A kobold (D:2)
  2 quokkas (D:2)
  6 ball pythons
  2 frilled lizards
  4 rats
64 creatures vanquished.

Vanquished Creatures (others)
  A withered plant (D:4)
1 creature vanquished.

Grand Total: 65 creatures vanquished

Notes
Turn   | Place    | Note
-------+----------+-------------------------------------------
     0 | D:1      | Malachi the Gnoll Hunter began the quest for the Orb.
     0 | D:1      | Reached XP level 1. HP: 20/20 MP: 1/1
    14 | D:1      | You fall into a shaft and drop 1 floor!
    51 | D:2      | Reached XP level 2. HP: 26/26 MP: 2/2
   112 | D:2      | Found Uvunaz's Magic Scroll Boutique.
   272 | D:2      | Reached XP level 3. HP: 31/31 MP: 3/3
   337 | D:2      | Noticed Sigmund
   345 | D:2      | Killed Sigmund
   346 | D:2      | Reached skill level 1 in Short Blades
   346 | D:2      | Reached skill level 1 in Long Blades
   346 | D:2      | Reached skill level 1 in Axes
   346 | D:2      | Reached skill level 1 in Maces & Flails
   346 | D:2      | Reached skill level 1 in Polearms
   346 | D:2      | Reached skill level 1 in Staves
   346 | D:2      | Reached skill level 1 in Throwing
   346 | D:2      | Reached skill level 1 in Armour
   346 | D:2      | Reached skill level 1 in Shields
   346 | D:2      | Reached skill level 1 in Unarmed Combat
   346 | D:2      | Reached skill level 1 in Spellcasting
   346 | D:2      | Reached skill level 1 in Conjurations
   346 | D:2      | Reached skill level 1 in Hexes
   346 | D:2      | Reached skill level 1 in Summonings
   346 | D:2      | Reached skill level 1 in Necromancy
   346 | D:2      | Reached skill level 1 in Translocations
   346 | D:2      | Reached skill level 1 in Transmutations
   346 | D:2      | Reached skill level 1 in Fire Magic
   346 | D:2      | Reached skill level 1 in Ice Magic
   346 | D:2      | Reached skill level 1 in Air Magic
   346 | D:2      | Reached skill level 1 in Earth Magic
   346 | D:2      | Reached skill level 1 in Poison Magic
   346 | D:2      | Reached skill level 1 in Invocations
   346 | D:2      | Reached skill level 1 in Evocations
   346 | D:2      | Reached XP level 4. HP: 33/38 MP: 4/6
   346 | D:2      | Reached XP level 5. HP: 38/43 MP: 4/7
   846 | D:3      | Found a radiant altar of Vehumet.
   864 | D:3      | Found Xyuf Byu's Magic Scroll Shoppe.
   867 | D:3      | Bought a scroll of identify for 20 gold pieces
   958 | D:3      | Noticed Robin
   972 | D:3      | Killed Robin
   973 | D:3      | Reached XP level 6. HP: 25/50 MP: 8/8
  1965 | D:4      | Reached skill level 5 in Fighting
  1965 | D:4      | Reached skill level 5 in Dodging
  2212 | D:4      | Found a staircase to the Ecumenical Temple.
  2349 | D:4      | Found an ancient bone altar of Kikubaaqudgha.
  2708 | D:3      | Bought a scroll of identify for 20 gold pieces
  2748 | Temple   | Entered the Ecumenical Temple
  2941 | Temple   | Became a worshipper of Cheibriados the Contemplative
  3003 | D:5      | Entered Level 5 of the Dungeon
  3038 | D:5      | Found Jexekk's General Store.
  3043 | D:5      | Found a shadowy altar of Dithmenos.
  3045 | D:5      | Identified the ring of Sanorcha {Wiz rF+ Str+5 Int+3}
  3115 | D:5      | Reached XP level 7. HP: 20/56 MP: 10/10
  3532 | D:5      | Gained mutation: You are robust. (+10% HP) [potion of
                  | mutation]
  3532 | D:5      | Gained mutation: You are agile. (Dex +4, Str/Int -1)
                  | [potion of mutation]
  3532 | D:5      | Gained mutation: You have supernaturally acute eyesight.
                  | (SInv) [potion of mutation]
  3532 | D:5      | Gained mutation: You have an increased reservoir of magic.
                  | (+10% MP) [potion of mutation]
  3792 | D:5      | Slain by a gnoll sergeant

Illustrated notes

Levels and vault maps discovered:
D:1:      wander_arrival_estate, layout_loops_cross,
          hellmonk_ecumenical_altar_zigzags
D:2:      layout_loops_ring, serial_shops, shop, uniq_sigmund
D:3:      layout_basic, nicolae_vehumet_altar_sigil, serial_shops, shop,
          uniq_robin
D:4:      layout_cave_pools, kiku_gazebo_garden_becter,
          minmay_temple_entry_offerings
D:5:      layout_cave_pools, nicolae_dithmenos_shadow_blocks, serial_gnoll_camp,
          gnoll_camp_mini_sergeant, gnoll_camp_mini_hut,
          gnoll_camp_mini_loothouse, grums_kennel, gnoll_camp_medium_01,
          gnoll_camp_mini_shop
Temple:   bh_familiar_temple

Skill      XL: |  1  2  3  4  5  6 |
---------------+-------------------+-----
Short Blades   | 1 2 |  2.5
Long Blades    | 1 2 |  2.5
Axes           | 1 2 |  2.5
Maces & Flails | 1 2 |  2.5
Polearms       | 1 2 |  2.5
Staves         | 1 2 |  2.5
Throwing       | 1 2 |  2.5
Armour         | 1 2 |  2.5
Shields        | 1 2 |  2.5
Unarmed Combat | 1 2 |  2.5
Spellcasting   | 1 2 |  2.5
Conjurations   | 1 2 |  2.1
Hexes          | 1 2 |  2.1
Summonings     | 1 2 |  2.1
Necromancy     | 1 2 |  2.1
Translocations | 1 2 |  2.1
Transmutations | 1 2 |  2.1
Fire Magic     | 1 2 |  2.1
Ice Magic      | 1 2 |  2.1
Air Magic      | 1 2 |  2.1
Earth Magic    | 1 2 |  2.1
Poison Magic   | 1 2 |  2.1
Invocations    | 1 2 |  2.8
Evocations     | 1 2 |  2.5
Stealth        | 3 |  3.5
Fighting       | 5 |  5.3
Dodging        | 5 |  5.3
Ranged Weapons | |  8.9

Action                     |  1- 3 |  4- 6 |  7- 9 || total
---------------------------+-------+-------+-------++-------
   Fire: Shortbow          |    35 |   163 |    48 ||   246
  Evoke: Wand              |       |       |     2 ||     2
    Use: Scroll            |       |     2 |     1 ||     3
         Potion            |       |       |     1 ||     1
 Armour: Leather armour    |       |    13 |     8 ||    21
  Dodge: Dodged            |     2 |    73 |    44 ||   119

Table legend: (Time is in decaauts)
 A = Elapsed time spent in this place.
 B = Non-inter-level travel time spent in this place.
 C = Inter-level travel time spent in this place.
 D = Time resting spent in this place.
 E = Time spent auto-exploring this place.
 F = Levels seen in this place.
 G = Mean time per level.
                   A        B        C        D        E       F      G
               +--------+--------+--------+--------+--------+-----+--------+
         Total |   3895 |   3641 |    254 |    654 |   2492 |   6 |  649.2 |
       Dungeon |   3674 |   3481 |    193 |    654 |   2338 |   5 |  734.8 |
        Temple |    220 |    160 |     60 |      0 |    154 |   1 |  220.0 |
               +--------+--------+--------+--------+--------+-----+--------+

Top non-repeatable levels by time:
     D:3: 1313 daAuts
     D:5: 857 daAuts
     D:4: 813 daAuts
     D:2: 677 daAuts
  Temple: 220 daAuts
     D:1: 14 daAuts
